 Dungeon Crawl Stone Soup version 0.20.1-1-g8b1a95d (webtiles) character file.

60 theAP the Digger (level 4, 0/24 HPs)
             Began as a Gargoyle Earth Elementalist on Sept 4, 2017.
             Slain by a worm (4 damage)
             ... on level 2 of the Dungeon.
             The game lasted 00:06:13 (1912 turns).

theAP the Digger (Gargoyle Earth Elementalist)      Turns: 1912, Time: 00:06:14

Health: 0/24       AC:  6    Str: 12    XL:     4   Next: 6%
Magic:  8/8        EV: 12    Int: 16    God:
Gold:   125        SH:  0    Dex: 10    Spells: 8/9 levels left

rFire    . . .     SeeInvis .   (no weapon)
rCold    . . .     Gourm    .   (no shield)
rNeg     + . .     Faith    .   c - +0 robe
rPois    ∞         Spirit   .   (no helmet)
rElec    +         Reflect  .   (no cloak)
rCorr    .         Harm     .   g - +0 pair of gloves
MR       .....                  (no boots)
Stlth    ++........             (no amulet)
Regen    0.1/turn               (no ring)
MPRegen  0.2/turn               (no ring)

@: no status effects
A: negative energy resistance 1, electricity resistance, unbreathing,
petrification resistance, rot immunity, AC +3
a: no special abilities


You were on level 2 of the Dungeon.
You were hungry.

You visited 1 branch of the dungeon, and saw 2 of its levels.

You collected 125 gold pieces.

Inventory:

Armour
 c - a +0 robe (worn)
 g - a +0 pair of gloves (worn)
Scrolls
 a - a scroll of blinking {unknown}
 h - 2 scrolls of identify {unknown}
 l - a scroll of noise {unknown}
Potions
 b - a potion of curing {unknown}
 f - 2 potions of haste {unknown}
 i - a potion of berserk rage {unknown}
 k - a potion of degeneration {unknown}
Books
 e - a book of Geomancy

   Spells                             Type                      Level
   a - Sandblast                      Earth                        1
   b - Passwall                       Transmutation/Earth          2
   c - Stone Arrow                    Conjuration/Earth            3
   d - Petrify                        Transmutation/Earth          4
   e - Lee's Rapid Deconstruction     Earth                        5
Comestibles
 d - a bread ration
 j - a royal jelly


   Skills:
 - Level 1.5 Dodging
 - Level 2.1 Stealth
 + Level 3.0 Spellcasting
   Level 0.7 Transmutations
 + Level 4.8 Earth Magic


You had 8 spell levels left.
You knew the following spells:

 Your Spells              Type           Power        Failure   Level  Hunger
a - Sandblast             Erth           ###...       2%          1    #......


Dungeon Overview and Level Annotations

Branches:
Dungeon (2/15)

Altars:


Innate Abilities, Weirdness & Mutations

You are resistant to torment.
Your stone body is resilient. (AC +3)
You are immune to poison.
You resist negative energy. (rN+)
You are resistant to electric shocks. (rElec)
You can survive without breathing.
You are immune to petrification.
You are immune to rotting.


Message History

You hit the worm.
The worm is severely wounded.
You hit the worm but do no damage.
The worm is severely wounded.
The worm closely misses you.
You hit the worm.
The worm is severely wounded.
The worm barely misses you.
You hit the worm but do no damage.
The worm is heavily wounded.
You hit the worm but do no damage.
The worm is heavily wounded.
The worm bites you!
* * * LOW HITPOINT WARNING * * *
You hit the worm but do no damage.
The worm is heavily wounded.
You barely miss the worm.
The worm is heavily wounded.
The worm bites you.
You die...

#. .# ... %.# ..#########....
#........... ..###
#....#..#.......# #........#
#.....# #.....# ###.#...## ###
#####r## ..#.# #... ..
####..@wS# ...# #... #.
##....##### ##..##..#.
#.##..#### #...#.. #.
#####....## ##...#.# #.
#.......#############..#.#.# #.
#....................>.....###.
###############....####........
#####.#### #.######. ###.....#
#..# #.


You could see a worm, an adder and a quokka.

Vanquished Creatures
  An adder (D:2)
  4 dart slugs
  A leopard gecko (D:2)
  A giant cockroach (D:1)
  3 goblins (D:1)
  7 hobgoblins
  4 jackals (D:1)
  6 bats
  A frilled lizard (D:1)
  7 kobolds (D:1)
  6 rats (D:1)
41 creatures vanquished.

Notes
Turn   | Place    | Note
-------+----------+-------------------------------------------
     0 | D:1      | theAP the Gargoyle Earth Elementalist began the quest for the Orb.
     0 | D:1      | Reached XP level 1. HP: 10/10 MP: 3/3
   153 | D:1      | Reached XP level 2. HP: 15/15 MP: 1/5
   167 | D:1      | Reached skill level 4 in Earth Magic
   568 | D:1      | Reached XP level 3. HP: 4/19 MP: 0/7
  1702 | D:2      | Reached XP level 4. HP: 17/24 MP: 8/8
  1912 | D:2      | Slain by a worm

Skill      XL: |  1  2  3 |
---------------+----------+-----
Earth Magic    | 4 |  4.8
Spellcasting   | 3 |  3.0
Dodging        | |  1.5
Stealth        | |  2.1
Transmutations | |  0.7

Action                   |  1- 3 |  4- 6 || total
-------------------------+-------+-------++-------
Melee: Unarmed           |    75 |    41 ||   116
 Cast: Sandblast         |    51 |       ||    51
  Eat: Chunk             |     3 |       ||     3
Armor: Robe              |    35 |     6 ||    41
Dodge: Dodged            |    91 |    11 ||   102
